 Dungeon Crawl Stone Soup version 0.30.1-4-g462c640d31 (webtiles) character file.

Game seed: 5889173095722437900

320 lonewolfV2 the Chopper (level 6, -2/84 HPs)
             Began as a Minotaur Berserker on Aug 31, 2023.
             Was a Believer of Trog.
             Slain by an ogre
             ... wielding a +0 giant club
              (28 damage)
             ... on level 4 of the Dungeon.
             The game lasted 00:03:08 (3135 turns).

lonewolfV2 the Chopper (Minotaur Berserker)         Turns: 3135, Time: 00:03:09

Health: -2/84      AC:  2    Str: 24    XL:     6   Next: 22%
Magic:  5/5        EV: 12    Int:  4    God:    Trog [**....]
Gold:   160        SH:  0    Dex:  9    Spells: 5/5 levels left

rFire   . . .        a - +0 hand axe
rCold   . . .        (no shield)
rNeg    . . .        b - +0 animal skin
rPois   .            (helmet restricted)
rElec   .            (no cloak)
rCorr   .            (no gloves)
SInv    .            (no boots)
Will    ++...        (no amulet) Stlth
                     (no ring)
HPRegen 1.34/turn    (no ring)
MPRegen 0.09/turn

%: no passive effects
@: berserking, strong-willed, regenerating, very quick
A: horns 2, retaliatory headbutt
a: Renounce Religion, Berserk, Trog's Hand


You were on level 4 of the Dungeon.
You worshipped Trog.
Trog was pleased with you.
You visited 1 branch of the dungeon, and saw 4 of its levels.

You collected 160 gold pieces.

Inventory:

Hand Weapons
 a - a +0 hand axe (weapon)
Armour
 b - a +0 animal skin (worn)
Jewellery
 m - a +6 ring of strength
Wands
 c - a wand of flame (17)
 o - a wand of charming (10)
Scrolls
 d - a scroll of teleportation
 g - a scroll of amnesia
Potions
 e - 3 potions of mutation
 f - a potion of flight
 h - 2 potions of cancellation
 i - a potion of haste {unknown}
 j - a potion of degeneration {unknown}
 k - 2 potions of curing
 l - 2 potions of magic
 n - a potion of attraction {unknown}


   Skills:
 + Level 5.4 Fighting
 + Level 5.6 Axes
 + Level 3.0 Armour
 + Level 4.2 Dodging
 + Level 0.7 Stealth


You had 5 spell levels left.
You didn't know any spells.
Your spell library was empty.

Dungeon Overview and Level Annotations

Branches:
Dungeon (4/15)
 Temple: D:4-7

Altars:
Cheibriados
Fedhas
Qazlal
Vehumet
Xom


Innate Abilities, Weirdness & Mutations

You have a pair of horns on your head.
You reflexively headbutt those who attack you in melee.


Message History

Trog accepts your kill.
c - a wand of flame (17)
Found a stone staircase leading down.
An ogre comes into view. It is wielding a +0 giant club.
Found a leather armour.
The ogre shouts!
An ogre is nearby!
An ogre is nearby!
An ogre is nearby!
A black bear comes into view.
The black bear growls angrily.
The ogre closely misses you. You furiously retaliate!
You headbutt the ogre. You hit the ogre.
The ogre is moderately wounded.
The ogre hits you with a +0 giant club!!
You hit the ogre but do no damage.
The ogre is moderately wounded.
You hit the black bear. The black bear bites you. The black bear misses you.
The black bear claws you.
You hit the ogre but do no damage.
The ogre is moderately wounded.
You hit the black bear. The black bear bites you.
The black bear claws you but does no damage. x2
The ogre barely misses you. You furiously retaliate!
You headbutt the ogre. You hit the ogre.
The ogre is heavily wounded.
You slash the black bear! The black bear misses you.
The black bear closely misses you. The black bear claws you.
The ogre closely misses you.
Your skin crawls.
You feel strong-willed. The black bear barely misses you.
You furiously retaliate!
You headbutt the black bear. The black bear claws you.
The black bear closely misses you.
A red film seems to cover your vision as you go berserk!
You feel yourself moving faster!
You feel mighty! The black bear bites you!
The black bear claws you but does no damage.
The black bear claws you.
The ogre hits you with a +0 giant club!!
You die...

#... #### ##########
########. #........#
#>.....#. #........#
#.####...
#........#######.####...
#.......................
#.....h..........####..#
#.....O@.........# #...
#........##....#.# #...
#........##....#.# ....
#........##....#.# .....
#..[.....#######.# ...#
########## #.# ###.# ..#
##


You could see a black bear and an ogre.

Vanquished Creatures
  A phantom (D:3)
  2 scorpions
  3 gnolls (D:4)
  4 adders
  A worm (D:3)
  An orc (D:3)
  8 ball pythons
  4 bats
  6 endoplasms
  A giant cockroach (D:2)
  A goblin (D:2)
  8 hobgoblins
  2 jackals (D:2)
  3 quokkas
  3 frilled lizards
  5 kobolds
  6 rats
59 creatures vanquished.

Notes
Turn   | Place    | Note
-------+----------+-------------------------------------------
     0 | D:1      | lonewolfV2 the Minotaur Berserker began the quest for the
                  | Orb.
     0 | D:1      | Reached XP level 1. HP: 19/19 MP: 0/0
   179 | D:1      | You fall into a shaft and drop 1 floor!
   268 | D:2      | Reached XP level 2. HP: 24/27 MP: 1/1
   511 | D:2      | Reached XP level 3. HP: 22/34 MP: 2/2
   516 | D:2      | Reached ** piety under Trog
  1122 | D:2      | Found a faded altar of an unknown god.
  1829 | D:3      | Reached XP level 4. HP: 41/41 MP: 3/3
  1847 | D:3      | Noticed a phantom
  1859 | D:3      | Killed a phantom
  1860 | D:3      | Reached skill level 5 in Axes
  1860 | D:3      | Reached XP level 5. HP: 45/47 MP: 4/4
  1990 | D:3      | Reached skill level 5 in Fighting
  2313 | D:3      | Found a blossoming altar of Fedhas.
  2313 | D:3      | Found a snail-covered altar of Cheibriados.
  2321 | D:3      | Found a shimmering altar of Xom.
  2323 | D:3      | Found a stormy altar of Qazlal.
  2326 | D:3      | Found a faded altar of an unknown god.
  2916 | D:4      | Reached XP level 6. HP: 32/56 MP: 5/5
  3075 | D:4      | Found a radiant altar of Vehumet.
  3135 | D:4      | Slain by an ogre

Illustrated notes

Levels and vault maps discovered:
D:1:      lightli_arrival_chessboard, layout_loops_cross
D:2:      minmay_skewed_foursquare, layout_basic,
          chequers_ecumenical_altar_twisty, serial_bayou_crossing
D:3:      layout_loops_ring, chequers_temple_overflow_minitemple,
          serial_bayou_pond_c, minmay_pentomino_pile
D:4:      cheibrodos_thug_alley, layout_basic, vehumet_altar_wand_db,
          serial_shops, nicolae_shop_just_a_little_nook

Skill      XL: |  1  2  3  4  5 |
---------------+----------------+-----
Fighting       | 4 5 |  5.4
Axes           | 4 5 |  5.6
Dodging        | 3 4 |  4.2
Armour         | 3 |  3.0
Stealth        | |  0.7

Action                     |  1- 3 |  4- 6 || total
---------------------------+-------+-------++-------
  Melee: Hand axe          |    74 |    53 ||   127
         Headbutt          |     8 |     5 ||    13
 Invoke: Berserk           |       |     2 ||     2
         Trog's Hand       |       |     2 ||     2
    Use: Scroll            |     6 |     4 ||    10
 Armour: Animal skin       |    16 |     6 ||    22
  Dodge: Dodged            |    66 |    43 ||   109
